Unix NetHack Version 3.7.0-50 Work-in-progress - last build Feb 18 2022 03:49:16. Game began 2022-02-21 10:45:17, ended 2022-02-23 17:22:59. torpedovariant, chaotic female human Valkyrie -------------- ............... ----%----. ...... --..%.... -....... -......... -...... |..51.5... |...... --...4..... ------- --.......- -----a---- ---....@... |...1....1.. |. ----a----5 | |.......|4 14|.@@A...| 4 |.'@@...| 5|.......| 5 |.......|5 --------- Torpedovariant the Warrior St:18/93 Dx:18 Co:18 In:17 Wi:18 Ch:16 Chaotic Astral Plane $:0 HP:201(298) Pw:40(40) AC:-8 Exp:15 T:36416 Latest messages: Jonathan the invisible Journeyer swings his long sword. Jonathan the invisible Journeyer hits! What do you want to use or apply? [bkmpr-ux-zQRX or ?*] I - an uncursed -1 helm of opposite alignment. The Angel of Loki swings her long sword. The Angel of Loki hits! The Angel of Loki swings her long sword. The Angel of Loki hits! The Angel of Loki hits! The air crackles around the Angel of Loki. What do you want to take off? [CDEF or ?*] You see some gas clouds dissipate. You finish taking off your gauntlets. What do you want to take off? [CDF or ?*] The Angel of Loki swings her long sword. The Angel of Loki hits! The Angel of Loki swings her long sword. The Angel of Loki hits! The Angel of Loki hits! The Angel of Loki casts a spell at you! You are hit by a shower of missiles! The missiles bounce off! The priest of Odin zaps a wand of striking! The wand hits the priestess of Loki! The priestess of Loki resists! Boing! Boing! You finish taking off your helm. What do you want to wear? [EFI or ?*] The Angel of Loki swings her long sword. The Angel of Loki hits! The Angel of Loki swings her long sword. The Angel of Loki hits! The Angel of Loki hits! The air crackles around the Angel of Loki. The priest of Odin zaps a wand of striking! The wand misses the giant ant. Boing! You finish your dressing maneuver. Your mind oscillates briefly. You are blasted by Excalibur's power! You are blasted by the Orb of Fate's power! The helm of opposite alignment glows black for a moment. What do you want to sacrifice? [G or ?*] You offer the Amulet of Yendor to Loki... An invisible choir sings, and you are bathed in radiance... The voice of Loki rings out: "Mortal, thou hast done well!" "In return for thy service, I grant thee the gift of Immortality!" You ascend to the status of Demigoddess... Do you want your possessions identified? [ynq] (y) Major events: Turn 1: torpedovariant the lawful human Valkyrie entered the dungeon 5: ate for the first time - newt corpse 5: consumed animal products for the first time, by eating a newt corpse 31: became literate by reading a book 145: hit with a wielded weapon for the first time 147: killed for the first time 204: entered new level 2, The Dungeons of Doom 235: eschewed atheism, by dropping a long sword on an altar 242: entered new level 3, The Dungeons of Doom 291: entered new level 1, The Gnomish Mines 291: entered the Gnomish Mines 352: entered a shop 687: gained experience level 2 1041: attained the rank of Skirmisher (level 3) 1204: gained experience level 4 1856: entered new level 2, The Gnomish Mines 1871: gained experience level 5 2583: attained the rank of Fighter (level 6) 2808: entered new level 3, The Gnomish Mines 3015: entered new level 4, The Gnomish Mines 3024: reached Mine Town 3426: gained experience level 7 3501: received Excalibur from a strange woman laying about in a pond 4638: entered new level 4, The Dungeons of Doom 4814: entered new level 5, The Dungeons of Doom 5054: entered new level 6, The Dungeons of Doom 5945: entered new level 7, The Dungeons of Doom 5978: gained experience level 8 6012: entered new level 8, The Dungeons of Doom 6574: entered new level 9, The Dungeons of Doom 6721: entered new level 4, Sokoban 6721: entered Sokoban 7656: entered new level 3, Sokoban 8527: gained experience level 9 8782: entered new level 2, Sokoban 9261: entered new level 1, Sokoban 9869: attained the rank of Woman-at-arms (level 10) 10261: gained experience level 11 10419: completed Sokoban 12205: entered new level 5, The Gnomish Mines 12600: entered new level 6, The Gnomish Mines 12601: entered new level 7, The Gnomish Mines 13232: entered new level 8, The Gnomish Mines 13413: acquired the Mines' End luckstone 14697: gained experience level 12 15098: entered new level 10, The Dungeons of Doom 15559: entered new level 11, The Dungeons of Doom 15638: entered new level 12, The Dungeons of Doom 15837: entered new level 13, The Dungeons of Doom 15857: entered a temple 16483: entered new level 14, The Dungeons of Doom 16536: entered new level 1, The Quest 16954: entered new level 15, The Dungeons of Doom 17306: entered new level 1, Fort Ludios 18114: gained experience level 13 18654: killed Croesus 19782: entered new level 16, The Dungeons of Doom 20516: entered new level 17, The Dungeons of Doom 20802: entered new level 18, The Dungeons of Doom 21007: entered new level 19, The Dungeons of Doom 21024: entered new level 20, The Dungeons of Doom 21791: entered new level 21, The Dungeons of Doom 23166: entered new level 22, The Dungeons of Doom 23283: attained the rank of Warrior (level 14) 23401: entered new level 23, The Dungeons of Doom 23524: entered new level 24, The Dungeons of Doom 23967: entered new level 25, The Dungeons of Doom 23989: changed form for the first time, becoming a blue dragon 24665: entered new level 26, The Dungeons of Doom 24693: entered new level 27, The Dungeons of Doom 25536: entered new level 28, The Dungeons of Doom 25648: killed Medusa 26594: made her first wish - "blessed fixed greased bag of holding" 28190: wished for "blessed magic marker" 28439: entered new level 2, The Quest 28537: entered new level 3, The Quest 28682: entered new level 4, The Quest 28771: entered new level 5, The Quest 28884: killed Lord Surtur 28887: acquired the Bell of Opening 29348: performed her first genocide (class L) 29371: entered new level 1, Gehennom 29371: entered Gehennom 30003: wished for "blessed magic marker" 30086: entered new level 2, Gehennom 30121: entered new level 3, Gehennom 30169: bribed Asmodeus with 1 zorkmid for safe passage 30639: gained experience level 15 30786: entered new level 4, Gehennom 30811: entered new level 5, Gehennom 30836: entered new level 6, Gehennom 30854: killed Juiblex 30964: entered new level 7, Gehennom 30988: entered new level 8, Gehennom 31421: entered new level 9, Gehennom 31554: entered new level 10, Gehennom 31580: killed the invisible Baalzebub 31614: entered new level 11, Gehennom 31707: killed Orcus 32170: entered new level 3, Vlad's Tower 32245: entered new level 2, Vlad's Tower 32310: entered new level 1, Vlad's Tower 32385: destroyed Vlad the Impaler 32387: acquired the Candelabrum of Invocation 32559: entered new level 12, Gehennom 32583: entered new level 13, Gehennom 32603: entered new level 14, Gehennom 32880: entered new level 15, Gehennom 32990: entered new level 16, Gehennom 33032: entered new level 17, Gehennom 33070: entered new level 18, Gehennom 33275: entered new level 19, Gehennom 33313: entered new level 20, Gehennom 33319: wished for "blessed magic marker" 33757: entered new level 21, Gehennom 33820: entered new level 22, Gehennom 34247: killed the Wizard of Yendor 34249: acquired the Book of the Dead 34323: performed the invocation 34326: entered new level 23, Gehennom 34433: killed the high priest of Moloch 34434: acquired The Amulet of Yendor 35830: killed the invisible Wizard of Yendor (5 times) 36234: entered new level 5, The Elemental Planes 36234: entered the Planes 36274: entered new level 4, The Elemental Planes 36337: entered new level 3, The Elemental Planes 36346: entered new level 2, The Elemental Planes 36348: genocided class ; 36384: entered new level 1, The Elemental Planes 36384: entered the Astral Plane 36402: killed Pestilence 36416: used a helm to turn chaotic Inventory: Amulets H - an uncursed amulet of reflection (being worn) Weapons a - the blessed rustproof +6 Excalibur (wielded in right hand) w - a blessed greased rustproof +6 katana (wielded in left hand) Armor B - a blessed +4 gray dragon scale mail (being worn) C - an uncursed greased thoroughly burnt +0 alchemy smock with text " on t es? ??th thc cref" (being worn) D - a blessed +4 pair of speed boots (being worn) E - a blessed thoroughly burnt +0 pair of gauntlets of dexterity F - a blessed +2 orcish helm I - a cursed -1 helm of opposite alignment (being worn) Comestibles L - an uncursed lizard corpse named KFC Spellbooks m - the uncursed Book of the Dead Potions v - an uncursed potion of sickness Rings K - an uncursed ring of free action (on right hand) P - a blessed ring of levitation T - a blessed ring of conflict (on left hand) Wands r - an uncursed wand of teleportation (0:6) y - an uncursed wand of death (1:3) z - an uncursed wand of digging (0:0) X - an uncursed wand of teleportation (0:8) Tools b - a blessed greased bag of holding containing 70 items k - an uncursed skeleton key p - the uncursed Bell of Opening (0:1) s - an uncursed sack containing 2 items t - an uncursed towel u - a blessed +0 unicorn horn named L; x - the blessed Orb of Fate (0:5) Q - a blessed magic marker (0:63) R - the uncursed Candelabrum of Invocation (7 of 7 candles, lit) Contents of the bag of holding: an uncursed amulet of flying an uncursed amulet of life saving an uncursed amulet of magical breathing an uncursed +0 pair of levitation boots an uncursed +0 pair of water walking boots an uncursed +0 mummy wrapping 8 uncursed food rations 3 uncursed scrolls of earth 2 blessed scrolls of scare monster 23 uncursed scrolls of blank paper a cursed scroll of blank paper a blessed scroll of charging a cursed scroll of confuse monster an uncursed scroll of create monster an uncursed scroll of enchant weapon 3 uncursed scrolls of fire an uncursed scroll of identify an uncursed scroll of magic mapping a blessed scroll of remove curse a blessed scroll of taming a blessed diluted potion of extra healing a blessed potion of extra healing 4 blessed diluted potions of full healing a cursed potion of full healing an uncursed potion of gain energy 2 uncursed potions of paralysis an uncursed potion of restore ability 14 potions of holy water 5 potions of unholy water an uncursed ring of levitation an uncursed ring of regeneration an uncursed ring of regeneration an uncursed ring of teleport control an uncursed wand of cold (0:3) an uncursed wand of cold (0:1) an uncursed wand of cold (0:2) an uncursed wand of cold (0:7) an uncursed wand of cold (0:8) an uncursed wand of cold (0:7) an uncursed wand of digging (0:4) an uncursed wand of digging (0:6) an uncursed wand of digging (0:4) an uncursed wand of digging (0:5) an uncursed wand of digging (0:8) an uncursed wand of digging (0:4) an uncursed wand of digging (0:4) an uncursed wand of digging (0:8) an uncursed wand of fire (0:3) an uncursed wand of fire (0:5) an uncursed wand of fire (0:6) an uncursed wand of fire (0:7) an uncursed wand of lightning (0:2) an uncursed wand of lightning (0:5) an uncursed wand of lightning (0:6) an uncursed wand of secret door detection (0:13) an uncursed wand of secret door detection (0:13) an uncursed wand of sleep (0:4) an uncursed wand of sleep (0:5) an uncursed wand of sleep (0:7) an uncursed wand of sleep (0:7) an uncursed wand of sleep (0:1) an uncursed wand of striking (0:4) an uncursed wand of teleportation (0:6) an uncursed wand of teleportation (0:5) an uncursed wand of teleportation (0:0) an uncursed wand of wishing (1:2) an uncursed bugle an uncursed can of grease (0:18) an uncursed +0 pick-axe a blessed luckstone Contents of the sack: an uncursed wand of cancellation (0:3) an uncursed wand of cancellation (0:7) Torpedovariant the Valkyrie's attributes: Background: You were a Warrior, a level 15 human Valkyrie. You were chaotic, temporarily on a mission for Loki who was opposed by Tyr (lawful) and Odin (neutral). You were actually lawful. You were in the endgame, on the Astral Plane. You entered the dungeon 36416 turns ago. You had 272337 experience points, 47663 more were needed to attain level 16. Basics: You had 201 out of 298 hit points. You had all 40 energy points (spell power). Your armor class was -8. Your wallet was empty. Autopickup was on for '?!' plus thrown, with exceptions. Final Characteristics: Your strength was 18/93 (limit:18/100). Your dexterity was 18 (limit:18). Your constitution was 18 (limit:18). Your intelligence was 17 (limit:18). Your wisdom was 18 (limit:18). Your charisma was 16 (limit:18). Final Status: You were not hungry. You were unencumbered. You were wielding two weapons at once. Your skill in long sword was limited by being skilled with two weapons. Final Attributes: You were fervently aligned. You were magic-protected. You were fire resistant. You were cold resistant. You were sleep resistant. You were disintegration-resistant. You were shock resistant. You were poison resistant. You were acid resistant. Your items were protected from acid. You were level-drain resistant. You saw invisible. You were telepathic. You were warned. You had automatic searching. You were invisible to others. You were stealthy. You caused conflict. You were warded. You took half physical damage. You took half spell damage. You were very fast. You had reflection. You had free action. You were extremely lucky. You had extra luck. Good luck did not time out for you. You survived. Miscellaneous: You never encountered a bones level. Total elapsed playing time was 4 hours and 52 minutes. Vanquished creatures: Baalzebub Orcus Juiblex the Wizard of Yendor (6 times) Pestilence Vlad the Impaler a high cleric Medusa Croesus 14 krakens an iron golem 3 storm giants a titan 2 balrogs 2 purple worms 2 gray dragons 2 gold dragons 2 silver dragons 2 red dragons a white dragon 5 orange dragons 3 black dragons 6 blue dragons 2 green dragons a yellow dragon 10 minotaurs a jabberwock Lord Surtur 4 baluchitheria an Angel a demilich 8 stone golems 3 Nazgul a hell hound 2 displacer beasts 4 titanotheres 3 trappers a baby black dragon a baby blue dragon a baby yellow dragon a guardian naga a genetic engineer a disenchanter 29 vampire leaders 2 skeletons 4 aligned clerics a captain 5 shades a lich a clay golem 9 nurses 2 ice devils 4 nalfeshnees 2 lurkers above 5 ettins 4 black puddings 22 vampires 5 lieutenants 36 ghosts 2 queen bees 2 winged gargoyles a mind flayer 10 giant mimics 5 long worms 3 zruties 26 fire giants 4 ogre tyrants 2 ice trolls 19 rock trolls 6 umber hulks 2 flesh golems 3 elven monarchs 2 doppelgangers 3 hezrous 15 bone devils 7 large mimics 3 fire vortices 5 stalkers 8 air elementals 3 fire elementals 2 earth elementals 2 water elementals 3 hill giants 4 giant mummies 8 xorns 9 giant zombies 6 elf-nobles 21 sergeants 7 barbed devils a salamander 11 wargs 2 winter wolves 4 hell hound pups 8 small mimics 2 glass piercers 4 warhorses a steam vortex 7 xans 6 ettin mummies 7 ogre leaders 3 quantum mechanics 21 trolls 2 wood golems 3 erinyes 2 mariliths 8 sharks 8 electric eels 5 gelatinous cubes 3 freezing spheres 4 flaming spheres 2 shocking spheres 4 large cats 4 tigers 4 gargoyles a dwarf ruler 2 tengu 4 ochre jellies 6 leocrottas 2 energy vortices 4 mountain centaurs 4 stone giants 2 elf mummies 2 human mummies 4 red nagas a green slime 2 pythons 6 pit vipers 3 cobras 30 wraiths 3 carnivorous apes 17 ettin zombies 5 leather golems 11 Grey-elves 120 soldiers 5 amorous demons 6 horned devils 4 chameleons 2 crocodiles 8 giant beetles 2 quivering blobs 7 cockatrices 15 wolves 9 winter wolf cubs 2 lynxes 4 panthers 6 gremlins 6 spotted jellies 3 leprechauns 10 orc-captains an iron piercer 7 mumakil 9 giant spiders 5 scorpions 2 horses 2 ice vortices a baby long worm 4 black lights 7 vampire bats 5 forest centaurs 7 gnome rulers a dwarf mummy 7 ogres 10 rust monsters 14 owlbears 4 yetis a gold golem 4 werewolves 13 Green-elves 6 piranha 19 giant eels 6 lizards 7 chickatrices a dingo 2 dogs a housecat 4 jaguars 2 blue jellies a gray unicorn 5 black unicorns 4 dust vortices 2 ravens 2 plains centaurs 4 gnome mummies 3 snakes 4 water moccasins 7 apes 16 human zombies 3 rope golems 7 Woodland-elves 5 soldier ants 51 fire ants 21 bugbears a lemure 5 quasits 2 wood nymphs 4 water nymphs 5 mountain nymphs 7 Mordor orcs 16 Uruk-hai 8 orc shamans 6 rock piercers 5 rock moles 6 ponies 3 fog clouds 7 yellow lights 2 shriekers 5 violet fungi 11 gnome leaders 4 gnomish wizards 7 kobold mummies a red naga hatchling a golden naga hatchling 5 gray oozes a barrow wight 19 elf zombies 12 ghouls 2 straw golems 5 jellyfish 15 giant ants 8 little dogs 17 floating eyes a kitten 9 dwarves 6 homunculi 3 kobold leaders 4 kobold shamans 32 hill orcs 14 rothes a rabid rat a centipede 2 giant bats a monkey 14 orc zombies 14 dwarf zombies a werejackal 11 iguanas 28 killer bees 6 acid blobs a coyote 4 gas spores a hobbit a large kobold 15 hobgoblins 3 orcs 6 cave spiders 3 brown molds 3 yellow molds a green mold a red mold 51 gnomes 8 garter snakes 19 gnome zombies 3 geckos 9 jackals 3 foxes 3 kobolds 2 goblins a sewer rat 13 grid bugs 2 bats 9 lichens 9 kobold zombies 12 newts 1685 creatures vanquished. Genocided or extinct species: liches demiliches master liches arch-liches soldiers (extinct) erinyes (extinct) jellyfish piranha sharks giant eels electric eels krakens 10 species genocided. 2 species extinct. Voluntary challenges: You read items or engraved 115 times. You never engraved Elbereth. You genocided 10 types of monsters. You never polymorphed an object. You used 4 wishes. You did not wish for any artifacts. You did not violate any of the special Sokoban rules. Achievements: You entered the Gnomish Mines. You entered a shop. You attained the rank of Skirmisher. You attained the rank of Fighter. You entered Minetown. You entered Sokoban. You attained the rank of Woman-at-arms. You completed Sokoban. You completed the Gnomish Mines. You entered a temple. You attained the rank of Warrior. You defeated Medusa. You had the Bell of Opening. You entered Gehennom. You had the Candelabrum of Invocation. You had the Book of the Dead. You gained access to Moloch's Sanctum. You reached the Elemental Planes. You reached the Astral Plane. You delivered the Amulet of Yendor. You ascended! The Elemental Planes: Astral Plane: <- You are here. A temple to Loki. Plane of Water: Plane of Fire: Plane of Air: Plane of Earth: The Dungeons of Doom: levels 1 to 28 Level 1: A fountain. One way stairs up to The Elemental Planes. Level 2: A general store, an altar. Stairs down to The Gnomish Mines. Level 3: Level 4: A fountain. Level 5: "aligned uni" Some altars. Level 6: Level 7: Many fountains. Oracle of Delphi. Level 8: Stairs up to Sokoban, level 7. Level 9: An altar, a fountain. Level 10: A fountain. Level 11: An altar. Level 12: A temple, a fountain. Level 13: Portal to The Quest. Level 14: Level 15: "stash" An altar, a sink. Portal to Fort Ludios. Level 16: Level 17: A primitive area. Level 18: Some fountains. Level 19: A fountain, a grave. Level 20: Level 21: A temple, some fountains. Level 22: A fountain. Level 23: Some sinks. Level 24: A temple. Level 25: Level 26: A grave. Level 27: "stash >" Level 28: A fountain. The castle (play notes "GGCDD" to open or close drawbridge). Connection to Gehennom. Gehennom: levels 29 to 51 Level 29: A temple, many graves. Valley of the Dead. Level 30: Level 31: Level 32: Level 33: Level 34: Some fountains. Level 35: Level 36: Level 37: Level 38: Some shops, an altar, many graves. Level 39: Stairs up to Vlad's Tower, level 38. Level 40: Level 41: Level 42: Level 43: Level 44: Level 45: Level 46: Level 47: Level 48: Level 49: Level 50: Level 51: A temple, many graves. Moloch's Sanctum. The Gnomish Mines: levels 3 to 10 Level 3: Level 4: "stash >" Level 5: Level 6: An altar, some fountains. Level 7: Level 8: Level 9: Level 10: Some fountains. The Quest: levels 1 to 5 Level 1: A fountain. Completed quest for the Norn. Level 2: Level 3: Level 4: Level 5: Sokoban: levels 7 up to 4 Level 4: Solved. Level 5: Solved. Level 6: Solved. Level 7: Solved. Fort Ludios: Level 1: Vlad's Tower: levels 38 up to 36 Level 36: Level 37: Level 38: Farvel torpedovariant the Demigoddess... You went to your reward with 1044374 points, Excalibur (worth 4000 zorkmids and 10000 points) The Book of the Dead (worth 10000 zorkmids and 25000 points) The Bell of Opening (worth 5000 zorkmids and 12500 points) The Orb of Fate (worth 3500 zorkmids and 8750 points) The Candelabrum of Invocation (worth 5000 zorkmids and 12500 points) and 0 pieces of gold, after 36416 moves. You were level 15 with a maximum of 298 hit points when you ascended.